AoeStats
← dj4301028

Arena

510326871Analyzed
1v1 RM · 3d ago on Sep 30, 2026· 34m 17s· 2 players
Game mode
Random Map
Map size
Tiny (2 player)
Population
200
Speed
Normal
Resources
Standard
Victory
Conquest
Starting age
Dark Age
Ending age
Imperial Age
RankedLock teamsTeams togetherTeam positionsShared explorationLock speedFull tech treeHidden civsTurbo modeCheats
Victory
Defeat
🇹🇼 Turks · Taiwan
1006
+15
🇷🇴 Goths · Romania
975
-15
KingR
10:28 Feudal Age
14:55 Castle Age
13:06 Double-Bit Axe
13:06 Horse Collar
16:14 Wheelbarrow
15:17 Man-at-Arms
16:20 Loom
17:06 Padded Archer Armor
16:57 Fletching
19:20 Town Watch
22:35 Bow Saw
23:37 Heavy Plow
24:16 Elite Skirmisher
25:18 Leather Archer Armor
24:59 Bodkin Arrow
26:45 Hand Cart
28:32 Gold Mining
30:25 Long Swordsman
31:26 Squires
34:18 Imperial Age
32:12 Stone Mining
32:26 Scale Mail Armor
33:41 Chain Mail Armor
33:36 Forging
dj4301028
11:23 Feudal Age
13:09 Double-Bit Axe
13:32 Loom
16:08 Castle Age
13:56 Loom
14:24 Gold Mining
14:25 Horse Collar
17:04 Bow Saw
17:30 Heavy Plow
23:39 Imperial Age
24:38 Bloodlines
28:21 Forging
28:23 Town Watch
30:36 Scale Barding Armor
34:54 Padded Archer Armor
Connection lost

Rejoining the realm…

Still unreachable

The connection could not be restored.

Session expired

The server has moved on; the page needs a fresh start.